 Dungeon Crawl Stone Soup version 0.27-a0-637-g3a9f0a9c12 (webtiles) character file.

Game seed: 2202161762165348916

151 Johnny the Magician (level 5, -3/31 HPs)
             Began as a Deep Elf Earth Elementalist on Mar 15, 2021.
             Slain by a bullfrog (7 damage)
             ... in a sewer.
             The game lasted 00:03:50 (2812 turns).

Johnny the Magician (Deep Elf Earth Elementalist)   Turns: 2812, Time: 00:03:50

Health: -3/31      AC:  2    Str:  5    XL:     5   Next: 11%
Magic:  3/13       EV: 12    Int: 21    God:
Gold:   76         SH:  0    Dex: 15    Spells: 8/12 levels left

rFire    . . .     SeeInvis .   (no weapon)
rCold    . . .     Faith    .   (no shield)
rNeg     . . .     Spirit   .   c - +0 robe
rPois    .         Reflect  .   (no helmet)
rElec    .         Harm     .   (no cloak)
rCorr    .         Rampage  .   (no gloves)
Will     .....                  (no boots)
Stlth    ++........             (no amulet)
HPRegen  0.10/turn              (no ring)
MPRegen  0.13/turn              (no ring)

@: very slightly contaminated
A: no striking features
a: no special abilities


You were in a sewer.
You visited 1 branch of the dungeon, and saw 3 of its levels.
You also visited: Sewer.

You collected 76 gold pieces.

Inventory:

Armour
 c - a +0 robe (worn)
Jewellery
 j - a +4 ring of protection
 k - a ring of flight
Scrolls
 d - a scroll of blinking {unknown}
 e - 2 scrolls of enchant armour {unknown}
 g - a scroll of amnesia {unknown}
Potions
 a - 2 potions of curing {unknown}
 f - a potion of brilliance
 h - a potion of mutation
 i - a potion of heal wounds


   Skills:
 * Level 2.7 Fighting
 - Level 2.4 Dodging
 - Level 2.4 Stealth
 + Level 4.3 Spellcasting
 - Level 1.1 Transmutations
 + Level 4.3 Earth Magic


You had 8 spell levels left.
You knew the following spells:

 Your Spells              Type           Power      Damage    Failure   Level
a - Sandblast             Erth           44%        2d11      1%          1
b - Stone Arrow           Conj/Erth      26%        3d8       14%         3

Your spell library contained the following spells:

 Spells                   Type           Power      Damage    Failure   Level
 Passwall                 Tmut/Erth      12%        N/A       6%          2
 Petrify                  Tmut/Erth      15%        N/A       36%         4
 Lee's Rapid Deconstruct  Erth           11%        3d9*      50%         5


Dungeon Overview and Level Annotations

Branches:
Dungeon (3/15)              Sewer (1/1)

Altars:


Message History

You miscast Stone Arrow.
You are very lightly contaminated with residual magic.
Nothing appears to happen.
The bullfrog misses you. The bullfrog completely misses you.
Casting: Stone Arrow (quite dangerous; 14% risk of failure)
Confirm with . or Enter, or press ? or * to list all spells.
The spell is quite dangerous to cast (14% risk of failure)!
Continue anyway?
Aiming: Stone Arrow (quite dangerous; 14% risk of failure)
Press: ? - help, Shift-Dir - straight line, f/p - bullfrog
Aim: a bullfrog (water, 40% to evade)
You miscast Stone Arrow.
Nothing appears to happen.
The bullfrog closely misses you.
Okay, then.
Okay, then.
The bullfrog barely misses you. x2
The bullfrog hits you. The bullfrog barely misses you. The bullfrog hits you!
The bullfrog barely misses you.
The bullfrog hits you but does no damage.
Okay, then.
As you read the scroll labelled UTOSUR MACVODD, it crumbles to dust.
It is a scroll of identify.
f - a potion of brilliance The bullfrog barely misses you.
The bullfrog hits you.
As you read the scroll of identify, it crumbles to dust.
h - a potion of mutation The bullfrog closely misses you.
As you read the scroll of identify, it crumbles to dust.
i - a potion of heal wounds The bullfrog misses you.
The bullfrog hits you.
Okay, then.
The bullfrog hits you. The bullfrog hits you.
You see here 21 gold pieces.
A bullfrog comes into view.
You see here 2 sedimented pink potions.
a - 2 sedimented pink potions The bullfrog hits you.
* * * LOW HITPOINT WARNING * * *
The bullfrog hits you!
You die...

#.# ≈≈≈≈###.≈≈≈.##.≈.#
#.#
##≈≈≈≈≈≈≈≈#.≈≈≈.##≈≈.#
#.#
##≈≈≈≈≈≈≈≈≈#.≈≈≈.##.≈.#
#.#
#≈≈≈F≈≈≈≈≈≈≈.≈≈≈.###≈##
#.# #≈≈≈≈≈≈≈≈≈≈≈.≈≈≈.#
#÷# #.#
##≈≈≈≈≈≈≈≈≈≈≈.≈≈≈.# #.#
#.# #≈≈≈≈≈..≈≈≈≈≈.≈≈≈.#
#∩# #.#
#≈≈≈≈≈.[≈≈≈≈≈≈≈≈≈.# #.#
#.# #≈≈≈≈.[@?≈≈≈≈≈≈≈≈.#
#∩# #.#
#≈≈≈≈≈.F.≈≈≈≈≈≈≈≈.# #.#
#.# #≈≈≈≈≈≈..≈≈≈≈≈≈≈≈.#
### #.#
#≈≈≈≈≈.≈.≈.≈≈≈≈≈≈.# #≈#
##≈≈..≈..≈≈≈≈≈≈≈≈.# #.#
#≈≈∩.≈≈≈≈≈≈≈≈≈≈≈.# #≈#
#≈≈≈≈≈≈≈≈≈≈≈≈≈≈≈.# #≈#
##≈≈≈≈≈≈≈≈≈≈≈≈≈≈.# #.#
#≈≈≈≈≈≈≈≈≈≈≈≈≈≈.#


You could see 2 bullfrogs.

Vanquished Creatures
  A gnoll (D:1)
  7 adders
  A worm (D:3)
  3 dart slugs (D:1)
  3 leopard geckos (Sewer)
  2 ball pythons
  8 bats
  12 giant cockroaches
  4 goblins
  8 hobgoblins
  7 frilled lizards
  8 kobolds
  4 rats
68 creatures vanquished.

Notes
Turn   | Place    | Note
-------+----------+-------------------------------------------
     0 | D:1      | Johnny the Deep Elf Earth Elementalist began the quest for
                  | the Orb.
     0 | D:1      | Reached XP level 1. HP: 10/10 MP: 6/6
   157 | D:1      | Reached XP level 2. HP: 16/16 MP: 5/8
   196 | D:1      | Reached skill level 1 in Fighting
   512 | D:1      | Reached XP level 3. HP: 20/20 MP: 8/10
  1414 | D:2      | Reached XP level 4. HP: 26/26 MP: 9/11
  1649 | D:2      | Learned a level 3 spell: Stone Arrow
  1939 | D:3      | Found a glowing drain.
  1953 | Sewer    | Entered a sewer
  2461 | Sewer    | Reached XP level 5. HP: 30/31 MP: 9/13
  2812 | Sewer    | Slain by a bullfrog

Illustrated notes

Levels and vault maps discovered:
D:1:      evilmike_arrival_plus, layout_basic, interstate_on_off, minivault_5
D:2:      layout_basic, minmay_tiny_reverse_x
D:3:      layout_basic, old_standard_altar, cheibrodos_sewer_entry_drain,
          uniq_crazy_yiuf_cottage
Sewer:    sewer_frog_island_01

Skill      XL: |  1  2  3  4 |
---------------+-------------+-----
Fighting       | 1 2 |  2.7
Spellcasting   | 4 |  4.3
Earth Magic    | 4 |  4.3
Dodging        | |  2.4
Stealth        | |  2.4
Transmutations | |  1.1

Action                   |  1- 3 |  4- 6 || total
-------------------------+-------+-------++-------
Melee: Unarmed           |    45 |    64 ||   109
 Cast: Sandblast         |    52 |    16 ||    68
       Stone Arrow       |       |    26 ||    26
  Use: Scroll            |       |     3 ||     3
 Stab: Sleeping          |     2 |       ||     2
Armor: Robe              |    17 |    26 ||    43
Dodge: Dodged            |    45 |    77 ||   122

Table legend: (Time is in decaauts)
 A = Elapsed time spent in this place.
 B = Non-inter-level travel time spent in this place.
 C = Inter-level travel time spent in this place.
 D = Time resting spent in this place.
 E = Time spent auto-exploring this place.
 F = Levels seen in this place.
 G = Mean time per level.
                   A        B        C        D        E       F      G
               +--------+--------+--------+--------+--------+-----+--------+
         Total |   2873 |   2846 |     27 |    540 |   1772 |   4 |  718.2 |
       Dungeon |   1954 |   1927 |     27 |     42 |   1577 |   3 |  651.3 |
         Sewer |    919 |    919 |      0 |    498 |    195 |   1 |  919.0 |
               +--------+--------+--------+--------+--------+-----+--------+

Top non-repeatable levels by time:
     D:1: 1245 daAuts
   Sewer: 919 daAuts
     D:2: 632 daAuts
     D:3: 76 daAuts
